AoeStats
← Mo-Sacra

Four Lakes

510040012Analyzed
1v1 RM · 4d ago on Sep 29, 2026· 47m 37s· 2 players
Game mode
Random Map
Map size
Tiny (2 player)
Population
200
Speed
Normal
Resources
Standard
Victory
Conquest
Starting age
Dark Age
Ending age
Imperial Age
RankedLock teamsTeams togetherTeam positionsShared explorationLock speedFull tech treeHidden civsTurbo modeCheats
Victory
Defeat
🇷🇺 Burgundians · Russia
1099
+15
🇨🇦 Varangians · Canada
1067
-15
Mo-Sacra
9:37 Feudal Age
10:27 Double-Bit Axe
13:52 Bloodlines
14:22 Forging
15:02 Loom
15:23 Horse Collar
19:20 Wheelbarrow
22:04 Castle Age
24:04 Fishing Lines
25:17 Gillnets
28:07 Bow Saw
28:18 Gold Mining
29:53 Iron Casting
29:24 Scale Barding Armor
31:58 Chain Barding Armor
36:48 Imperial Age
35:06 Husbandry
35:36 Hand Cart
38:32 Town Watch
39:27 Plate Barding Armor
39:52 Blast Furnace
38:43 Fletching
40:37 Gothikon
42:27 Scale Mail Armor
42:23 Bodkin Arrow
41:55 Elite Varangian Guard
42:36 Squires
42:22 Gambesons
42:22 Arson
43:28 Conscription
44:47 Elite Jarl
46:38 Chain Mail Armor
46:23 Bracer
Shvella
0:28 Loom
6:02 Double-Bit Axe
10:46 Feudal Age
11:42 Bow Saw
16:13 Fishing Lines
17:40 Horse Collar
22:37 Castle Age
20:32 Stone Mining
21:33 Heavy Plow
24:54 Two-Man Saw
24:27 Crop Rotation
24:38 Gold Mining
26:44 Town Watch
27:35 Wheelbarrow
30:50 Imperial Age
29:06 Hand Cart
28:53 Town Patrol
29:46 Gold Shaft Mining
31:50 Fletching
32:00 Padded Archer Armor
32:55 Bodkin Arrow
33:27 Conscription
33:49 Leather Archer Armor
36:56 Ballistics
37:37 Chemistry
37:12 Bracer
37:22 Forging
37:18 Scale Barding Armor
39:21 Stone Shaft Mining
39:40 Iron Casting
39:18 Burgundian Vineyards
45:42 Elite Coustillier
Connection lost

Rejoining the realm…

Still unreachable

The connection could not be restored.

Session expired

The server has moved on; the page needs a fresh start.